 Dungeon Crawl Stone Soup version 0.29.1-15-g9cfb28693d (webtiles) character file.

Game seed: 1604578201366492292

89 sentinel the Digger (level 5, -4/38 HPs)
             Began as a Meteoran Earth Elementalist on July 26, 2023.
             Slain by a killer bee (6 damage)
             ... on level 4 of the Dungeon.
             The game lasted 00:03:39 (352 turns).

sentinel the Digger (Meteoran Earth Elementalist)    Turns: 352, Time: 00:03:39

Health: -4/38      AC:  3    Str:  9    XL:     5   Next: 10%
Magic:  8/11       EV: 12    Int: 19    God:
Gold:   0          SH:  0    Dex: 14    Spells: 5/11 levels left

rFire   . . .      SeeInvis .   (no weapon)
rCold   . . .      Faith    .   (no shield)
rNeg    . . .      Spirit   .   a - +1 robe
rPois   .          Reflect  .   (no helmet)
rElec   .          Harm     .   (no cloak)
rCorr   .          Rampage  .   (no gloves)
Will    .....                   (no boots)
Stlth   +.........              (no amulet)
HPRegen 0.12/turn               (no ring)
MPRegen 0.12/turn               (no ring)

@: lethally poisoned (-4 -> -27), weak-willed, glowing
A: sense surroundings 1, otherworldly, glowing, explore regen
a: no special abilities


You were on level 4 of the Dungeon.
You visited 1 branch of the dungeon, and saw 4 of its levels.

Inventory:

Missiles
 e - 2 javelins
Armour
 a - a +1 robe (worn)
Magical Staves
 d - a staff of death {!a}
Scrolls
 i - a scroll of enchant armour
Potions
 b - a potion of magic
 c - a potion of attraction {unknown}
 j - a potion of might {unknown}
 l - a potion of haste {unknown}
 m - a potion of berserk rage {unknown}
 q - a potion of curing


   Skills:
 - Level 2.4 Dodging
 - Level 1.4 Stealth
 + Level 3.9 Spellcasting
 + Level 2.1 Conjurations
 - Level 1.2 Transmutations
 - Level 5.0 Earth Magic


You had 5 spell levels left.
You knew the following spells:

 Your Spells              Type           Power      Damage    Failure   Level
a - Sandblast             Erth           44%        2d11      1%          1
h - Stone Arrow           Conj/Erth      34%        3d9       10%         3
j - Passwall              Tmut/Erth      12%        N/A       6%          2

Your spell library contained the following spells:

 Spells                   Type           Power      Damage    Failure   Level
 Foxfire                  Conj/Fire      28%        2x1d5     9%          1
 Ensorcelled Hibernation  Hex/Ice        6%         N/A       22%         2
 Conjure Flame            Conj/Fire      7%         6-21      26%         3
 Petrify                  Tmut/Erth      15%        N/A       36%         4
 Inner Flame              Hex/Fire       3%         N/A       38%         3
 Swiftness                Air            3%         N/A       38%         3
 Flame Wave               Conj/Fire      7%         2d5       65%         4


Dungeon Overview and Level Annotations

Branches:
Dungeon (4/15) Zot: 2023
 Temple: D:4-7

Altars:
Ashenzari

Shops:
D:2 ([?


Innate Abilities, Weirdness & Mutations

You passively map a small area around you.
You are easily found by Zot.
You glow in the dark.
You regain HP and MP as you explore.


Message History

Found a smoky white potion and a book of Burglary.
Found a stone staircase leading down.
You see here 3 javelins.
You see here a book of Burglary.
You pick up a book of Burglary and begin reading...
You add the spells Ensorcelled Hibernation and Swiftness to your library.
You see here a smoky white potion.
m - a smoky white potion
There is a stone staircase leading down here.
You climb downwards.
Found 9 gold pieces.
Found a stone staircase leading up.
There is a stone staircase leading up here.
There is a stone staircase leading up here.
Unknown command.
You climb upwards.
There is a stone staircase leading down here.
You climb downwards.
There is a stone staircase leading up here. 2 jackals come into view.
The jackal barks!
The jackal moves out of view.
The jackal completely misses you.
The blast of sand hits the jackal!
You kill the jackal!
The jackal bites you.
The blast of sand hits the jackal.
The jackal is almost dead.
The jackal bites you. The jackal barely misses you.
The blast of sand hits the jackal!
You kill the jackal!
Your Conjurations skill increases to level 1!
You can't see any susceptible monsters within range! (Use Z to cast anyway.)
You can't see any susceptible monsters within range! (Use Z to cast anyway.)
You can't see any susceptible monsters within range! (Use Z to cast anyway.)
You can't see any susceptible monsters within range! (Use Z to cast anyway.)
You can't see any susceptible monsters within range! (Use Z to cast anyway.)
You can't see any susceptible monsters within range! (Use Z to cast anyway.)
You can't see any susceptible monsters within range! (Use Z to cast anyway.)
You can't see any susceptible monsters within range! (Use Z to cast anyway.)
Found a leather armour and a scroll labelled ROUJEM SUTA.
Okay, then.
Magic restored.
You see here a scroll labelled ROUJEM SUTA.
n - a scroll labelled ROUJEM SUTA A killer bee comes into view.
The killer bee buzzes angrily.
You hear an angry hiss.
A killer bee comes into view.
The blast of sand misses the killer bee.
The killer bee buzzes angrily.
A killer bee comes into view.
You aren't carrying any items that you can evoke.
Unknown command.
Okay, then.
As you read the scroll labelled WIN MUINUE, it crumbles to dust.
It is a scroll of enchant armour.
Your +0 robe glows green for a moment.
The killer bee buzzes angrily.
The killer bee closely misses you. The killer bee barely misses you.
As you read the scroll labelled BUHEUS REKIQI, it crumbles to dust.
Magic quickly surges around you.
It was a scroll of vulnerability.
As you read the scroll labelled ASEWEY UBOET, it crumbles to dust.
It is a scroll of amnesia.
Really abort (and waste the scroll)?
Okay, then.
The killer bee stings you!
The killer bee stings you but does no damage. x2
The killer bee misses you.
As you read the scroll labelled XOIGGIMIJO, it crumbles to dust.
You feel aware of your surroundings.
It was a scroll of magic mapping.
The killer bee barely misses you. The killer bee misses you.
The killer bee stings you!
You are poisoned.
The killer bee poisons you! The killer bee barely misses you.
The killer bee stings you. The killer bee closely misses you.
As you read the scroll labelled ROUJEM SUTA, it crumbles to dust.
Wisps of shadow whirl around you...
It was a scroll of summoning.
You feel sick.
The killer bee stings you but does no damage.
The killer bee closely misses you. x2; The killer bee misses you.
The killer bee closely misses you. x2
The killer bee attacks as you move away!
The killer bee stings you but does no damage.
The killer bee attacks as you move away!
The killer bee closely misses you.
You feel sick. The killer bee stings your orc priest.
The killer bee closely misses you.
Your orc completely misses the killer bee.
The killer bee stings your orc priest!
Your orc priest dies!
Your orc priest's corpse dissolves into shadows!
The killer bee misses you.
You feel sick. The killer bee barely misses your orc.
Your hound closely misses the killer bee.
The killer bee closely misses your orc. The killer bee barely misses you.
You swap places.
You feel sick.
The killer bee barely misses your ball python.
The killer bee stings your orc.
Your ball python closely misses the killer bee.
Your ball python misses the killer bee.
The killer bee stings your orc.
Your orc dies!
Your orc's corpse dissolves into shadows!
Your orc hits the killer bee with a +0 hand axe.
The killer bee stings your ball python.
Your ball python dies!
Your ball python's corpse dissolves into shadows!
You aren't carrying any items that you can evoke.
Unknown command.
It was a potion of curing.
You feel better.
q - a potion of curing Your hound misses the killer bee.
Something stings your orc wizard.
The killer bee barely misses your orc wizard.
Your hound closely misses the killer bee.
The killer bee closely misses you.
Your orc hits the killer bee with a +0 hand axe.
The blast of sand hits the killer bee.
The killer bee is lightly wounded.
The killer bee stings your orc wizard but does no damage.
The killer bee stings you.
Something barely misses your orc wizard.
Your hound completely misses the killer bee.
The killer bee stings you.
You are poisoned.
The killer bee poisons you!
Something barely misses your orc wizard.
The killer bee completely misses your orc wizard.
Your orc hits the killer bee with a +0 hand axe!
Your orc wizard points at the killer bee and mumbles some strange words.
The magic dart hits the killer bee!
The killer bee dies!
Something stings your orc wizard. The killer bee stings you.
Training target 5.0 for Earth Magic reached!
Your Conjurations skill increases to level 2!
Your Earth Magic skill increases to level 5!
You have reached level 5!
The blast of sand hits the killer bee.
The killer bee is lightly wounded.
You feel very sick. The killer bee stings you.
You are lethally poisoned!
The killer bee poisons you! Something stings your orc wizard.
Your orc wizard is poisoned.
Something poisons your orc wizard!
Your hound bites the killer bee.
Something barely misses your orc wizard.
Your orc wizard barely misses the killer bee.
The killer bee stings you!
* * * LOW HITPOINT WARNING * * *
You are more poisoned.
The killer bee poisons you!
Your hound misses the killer bee.
Something closely misses your orc wizard.
The killer bee stings you.
You die...

#### * #**##*#..#*### *
##.*#.##...##.# *
#..##....##...##
#..........@yho##
#..........##o..#*** *** *
###........#..†.#*,****,**
* ##.......#.o......#*,,,*
* ##................#,,,**
* *
#.....#.....###.....,,,***
****
###.#.#.....##...###,,,,**
,,,****
###........#....#**,,,,,
,,,*,,**
###..###.......#**,,,,,


You could see a killer bee (weak-willed, ally target), a friendly hound
(summoned), a friendly orc wizard (summoned, very poisoned) and a friendly orc
(summoned).

Vanquished Creatures
  2 adders (D:2)
  A worm (D:2)
  3 orcs (D:3)
  A ball python (D:1)
  2 endoplasms
  A giant cockroach (D:1)
  3 hobgoblins (D:2)
  2 jackals (D:4)
  A quokka (D:1)
  2 frilled lizards
  2 kobolds (D:2)
  A rat (D:2)
21 creatures vanquished.

Vanquished Creatures (collateral kills)
  A killer bee (D:4)
1 creature vanquished.

Grand Total: 22 creatures vanquished

Notes
Turn   | Place    | Note
-------+----------+-------------------------------------------
     0 | D:1      | sentinel the Meteoran Earth Elementalist began the quest
                  | for the Orb.
     0 | D:1      | Reached XP level 1. HP: 14/14 MP: 5/5
    67 | D:1      | Reached XP level 2. HP: 12/20 MP: 2/6
    68 | D:1      | Reached skill level 4 in Earth Magic
    95 | D:2      | Found Anialiest's Weapon Shoppe.
   101 | D:2      | Found Vyvaff's Antique Armour Emporium.
   129 | D:2      | Reached XP level 3. HP: 19/26 MP: 4/8
   133 | D:2      | Learned a level 2 spell: Passwall
   137 | D:2      | Learned a level 3 spell: Stone Arrow
   152 | D:2      | Found a broken altar of Ashenzari.
   252 | D:2      | Found Xaokk's Magic Scroll Emporium.
   286 | D:3      | Reached XP level 4. HP: 33/33 MP: 8/10
   323 | D:4      | Reached skill level 1 in Conjurations
   352 | D:4      | Reached skill level 5 in Earth Magic
   352 | D:4      | Reached XP level 5. HP: 17/38 MP: 9/11
   352 | D:4      | Slain by a killer bee

Illustrated notes

Levels and vault maps discovered:
D:1:      sevenhm_arrival_forest_fort_small_4, layout_loops_cross,
          hellmonk_ecumenical_altar_heavens_door
D:2:      layout_rooms, serial_shops, shop, nicolae_shop_window_shopping,
          nicolae_shop_crystal, basic_altar
D:3:      layout_basic, serial_shops, nicolae_shop_behind_doors
D:4:      layout_cave_pools, minivault_23, minmay_curled_crystal,
          minmay_box_of_dots

Skill      XL: |  1  2  3  4 |
---------------+-------------+-----
Earth Magic    | 4 5 |  5.0
Spellcasting   | 3 |  3.9
Conjurations   | 2 |  2.1
Dodging        | |  2.4
Stealth        | |  1.4
Transmutations | |  1.2

Action                   |  1- 3 |  4- 6 || total
-------------------------+-------+-------++-------
Melee: Unarmed           |     2 |       ||     2
 Cast: Sandblast         |    29 |    11 ||    40
       Passwall          |     2 |       ||     2
  Use: Scroll            |       |     5 ||     5
       Potion            |       |     1 ||     1
Armor: Robe              |     2 |     4 ||     6
Dodge: Dodged            |    28 |    21 ||    49
